 Dungeon Crawl Stone Soup version 0.28.0 (webtiles) character file.

Game seed: 15034388439194645919

28 Morbidden the Sneak (level 3, 24/27 HPs)
             Began as a Demonspawn Brigand on Feb 14, 2022.
             Quit the game on level 2 of the Dungeon.
             The game lasted 00:00:47 (864 turns).

Morbidden the Sneak (Demonspawn Brigand)             Turns: 864, Time: 00:00:47

Health: 24/27      AC:  5    Str: 13    XL:     3   Next: 0%
Magic:  3/3        EV: 12    Int: 12    God:
Gold:   64         SH:  0    Dex: 14    Spells: 2/2 levels left

rFire   . . .      SeeInvis .   a - +2 dagger
rCold   . . .      Faith    .   (no shield)
rNeg    . . .      Spirit   .   b - +0 robe
rPois   .          Reflect  .   (no helmet)
rElec   .          Harm     .   c - +0 cloak
rCorr   .          Rampage  .   (no gloves)
Will    .....                   (no boots)
Stlth   +++.......              (no amulet)
HPRegen 0.09/turn               (no ring)
MPRegen 0.08/turn               (no ring)

@: no status effects
A: molten scales 1, weakness stinger 1
a: no special abilities


You were on level 2 of the Dungeon.
You visited 1 branch of the dungeon, and saw 2 of its levels.

You collected 64 gold pieces.

Inventory:

Hand Weapons
 a - a +2 dagger (weapon)
Missiles
 d - 8 poisoned darts (quivered)
 e - 2 curare-tipped darts
 g - 8 atropa-tipped darts
Armour
 b - a +0 robe (worn)
 c - a +0 cloak (worn)
 h - the +1 ring mail "Yxaysa" {Harm Will+}
   (You found it on level 2 of the Dungeon)

   Harm:      It increases damage dealt and taken.
   Will:      It increases your willpower.
Potions
 f - a potion of cancellation {unknown}


   Skills:
 + Level 2.1 Fighting
 + Level 1.8 Short Blades
 + Level 1.8 Throwing
 + Level 1.1 Dodging
 + Level 4.4 Stealth


You had 2 spell levels left.
You didn't know any spells.
Your spell library was empty.

Dungeon Overview and Level Annotations

Branches:
Dungeon (2/15)

Altars:


Innate Abilities, Weirdness & Mutations

You are partially covered in molten scales. (AC +2)
You have a small tail.


Message History

The bat misses you.
You hit the bat.
The bat is severely wounded.
The bat barely misses you. The bat hits you.
You hit the bat.
You kill the bat!
The bat misses you.
h - the +1 ring mail "Yxaysa" {Harm Will+} The bat barely misses you.
The bat closely misses you.
Unknown command.
The bat barely misses you.
You hit the bat.
You kill the bat!
You closely miss the adder. You tail-slap the adder.
The adder is moderately wounded.
The adder bites you but does no damage. The adder misses you.
You hit the adder.
The adder is severely wounded.
The adder bites you but does no damage.
You miss the adder.
The adder is severely wounded.
The adder closely misses you.
You hit the adder.
Your tail-slap misses the adder.
The adder is severely wounded.
The adder bites you but does no damage.
You hit the adder.
Your tail-slap misses the adder.
The adder is almost dead.
The adder misses you.
You hit the adder.
You kill the adder!
You hit the frilled lizard.
You kill the frilled lizard!
You have reached level 3!
Your experience leads to an increase in your attributes!
Increase (S)trength, (I)ntelligence, or (D)exterity?
You feel stronger. x2; Your demonic ancestry asserts itself...
Molten scales grow over part of your body.
Okay, then.
Unknown command.
Are you sure you want to abandon this character and quit the game? (Confirm with "yes".)

#+# #...#
#.#####...#
#######
#.###.##......#
.......
.......'......#
.......
##.##.##...##.#
.......
#.##...##.#
.....
#.<######.###
[.. #..#
#...##.# #..#
#..#@†# #...
#..###.# #.###
#...# ..# #.#
#$...#.## #.#
####.##$ #.# ##
. ##


There were no monsters in sight!

Vanquished Creatures
  An adder (D:2)
  A dart slug (D:2)
  A ball python (D:1)
  2 goblins (D:1)
  2 hobgoblins (D:1)
  2 kobolds (D:1)
  A quokka (D:1)
  3 bats
  2 frilled lizards
  3 rats (D:1)
18 creatures vanquished.

Notes
Turn   | Place    | Note
-------+----------+-------------------------------------------
     0 | D:1      | Morbidden the Demonspawn Brigand began the quest for the
                  | Orb.
     0 | D:1      | Reached XP level 1. HP: 16/16 MP: 1/1
   270 | D:1      | Found a faded altar of an unknown god.
   311 | D:1      | Reached skill level 4 in Stealth
   500 | D:1      | Gained mutation: You have a small tail. [demonic ancestry]
   500 | D:1      | Reached XP level 2. HP: 22/22 MP: 2/2
   521 | D:1      | Reached skill level 1 in Dodging
   848 | D:2      | Identified the +1 ring mail "Yxaysa" {Harm Will+}
   864 | D:2      | Gained mutation: You are partially covered in molten
                  | scales. (AC +2) [demonic ancestry]
   864 | D:2      | Reached XP level 3. HP: 24/27 MP: 3/3
   864 | D:2      | Quit the game

Illustrated notes

Levels and vault maps discovered:
D:1:      dpeg_arrival_fog, layout_rooms, chequers_ecumenical_altar_island
D:2:      layout_basic, minmay_pentomino_r4, uniq_terence, uniq_jessica,
          uniq_sigmund

Skill      XL: |  1  2 |
---------------+-------+-----
Stealth        | 4 |  4.4
Dodging        | 1 |  1.1
Fighting       | |  2.1
Short Blades   | |  1.8
Throwing       | |  1.8

Action                   || total
-------------------------++-------
Melee: Dagger            ||    52
       Tailslap          ||     3
 Stab: Sleeping          ||     2
Armor: Robe              ||    12
Dodge: Dodged            ||    36
